 Dungeon Sprint DCSS version 0.27-a0-1322-gfdffb62a71 (webtiles) character file.

Game seed: 8690828011619294092

7581 mhtbhm the Eclecticist (level 10, -4/44 HPs)
             Began as a Spriggan Earth Elementalist on June 22, 2021.
             Was a High Priest of Vehumet.
             Slain by a catoblepas (9 damage)
             ... while petrified by a catoblepas
             ... in the Dungeon (Sprint IX: "|||||||||||||||||||||||||||||").
             The game lasted 00:06:47 (4120 turns).

mhtbhm the Eclecticist (SpEE)                       Turns: 4120, Time: 00:06:48

Health: -4/44      AC:  7    Str:  4    XL:     10   Next: 97%
Magic:  35/35      EV:  4    Int: 19    God:    Vehumet [*****.]
Gold:   0          SH:  0    Dex: 17    Spells: 31/49 levels left

rFire    . . .     SeeInvis +   l - staff of conjuration
rCold    . . .     Faith    .   (shield currently unavailable)
rNeg     + + +     Spirit   .   b - +0 acid dragon scales
rPois    ∞         Reflect  .   (helmet restricted)
rElec    .         Harm     .   m - +0 cloak
rCorr    +         Rampage  .   (gloves unavailable)
Will     +....     NoTele   +   (boots unavailable)
Stlth    +++.......             (no amulet)
HPRegen  0.14/turn              n - +2 ring of evasion
MPRegen  0.24/turn              o - +2 ring of evasion

@: petrified, very quick
A: very small, no large weapons, unfitting armour, see invisible, speed 3
a: Renounce Religion


You were in the Dungeon.
You worshipped Vehumet.
Vehumet was extremely pleased with you.
You visited 1 branch

Inventory:

Missiles
 i - 6 stones
Armour
 b - +0 acid dragon scales (worn)
 m - a +0 cloak (worn)
Magical Staves
 l - a staff of conjuration (weapon)
Jewellery
 n - a +2 ring of evasion (left hand)
 o - a +2 ring of evasion (right hand)
Wands
 k - a wand of iceblast (10)
 r - a wand of flame (13)
Scrolls
 h - 2 scrolls of blinking
 j - 2 scrolls of amnesia
 s - 4 scrolls of enchant armour
 t - a scroll of fog
 u - a scroll of identify
 v - 2 scrolls of enchant weapon
Potions
 a - 2 potions of magic
 c - 3 potions of curing
 d - 5 potions of heal wounds
 e - 2 potions of haste
 f - a potion of invisibility
 g - a potion of berserk rage
 p - 2 potions of mutation
 q - a potion of might


   Skills:
 + Level 0.6 Fighting
 + Level 1.5 Armour
 + Level 5.4 Dodging
 + Level 5.6 Stealth
 + Level 20.1 Spellcasting
 + Level 2.2 Conjurations
 + Level 5.6 Transmutations
 + Level 0.3 Air Magic
 + Level 15.8 Earth Magic
 + Level 0.3 Poison Magic


You had 31 spell levels left.
You knew the following spells:

 Your Spells              Type           Power      Damage    Failure   Level
a - Sandblast             Erth           100%       2d20      0%          1
b - Passwall              Tmut/Erth      46%        N/A       1%          2
c - Stone Arrow           Conj/Erth      100%       3d13      1%          3
d - Lee's Rapid Deconstr  Erth           34%        3d18*     1%          5
e - Petrify               Tmut/Erth      56%        N/A       1%          4
f - Mephitic Cloud        Conj/Pois/Air  34%        N/A       3%          3

Your spell library contained the following spells:

 Spells                   Type           Power      Damage    Failure   Level
 Fulminant Prism          Conj/Hex       17%        3d11      11%         4


Dungeon Overview and Level Annotations

Branches:
Dungeon (1/1)

Altars:
Cheibriados
Dithmenos
Elyvilon
Fedhas
Gozag
Hepliaklqana
Kikubaaqudgha
Makhleb
Nemelex Xobeh
Okawaru
Qazlal
Ru
Sif Muna
Trog
Uskayaw
Vehumet
Wu Jian
Xom
Yredelemnul
Zin
The Shining One
Beogh
Jiyva
Lugonu


Innate Abilities, Weirdness & Mutations

You are very small and have problems with some larger weapons.
You are too small for most types of armour.
You have supernaturally acute eyesight. (SInv)
You cover ground extremely quickly. (Speed+++)


Message History

You blow up the boulder beetle!
Vehumet accepts your kill.
You feel your power returning.
Your Spellcasting skill increases to level 20!
Unknown command.
Unknown command.
You start resting.
Magic restored.
You start waiting.
Done waiting.
There is an open door here.
Okay, then.
You open the door. 2 yaks, 2 death yaks and 2 catoblepae come into view.
Unknown command.
Casting: Lee's Rapid Deconstruction (safe; 1% risk of failure)
Confirm with . or Enter, or press ? or * to list all spells.
Okay, then.
The yak bellows!
The catoblepas bellows!
The death yak bellows!
The catoblepas bellows!
You hear a bellow!
The catoblepas breathes a plume of calcifying dust at you.
The blast of calcifying dust hits you but does no damage.
Unknown command.
You are engulfed in calcifying dust.
You are engulfed in calcifying dust.
You are slowing down.
You are engulfed in calcifying dust.
Your limbs have turned to stone.
You have turned to stone.
You are engulfed in calcifying dust. x5
The catoblepas gores you!! The catoblepas gores you!! x2
* * * LOW HITPOINT WARNING * * *
The catoblepas breathes a plume of calcifying dust at you.
The blast of calcifying dust hits you.
You are engulfed in calcifying dust.
The catoblepas gores you.
* * * LOW HITPOINT WARNING * * *
You are engulfed in calcifying dust.
The death yak is no longer petrified.
The catoblepas gores you!!
You die...

▓Y▓.▓.▓
▓.▓.▓)▓
▓'▓.▓'▓
▓.▓.▓_▓
▓Y▓.▓_▓
▓.▓.▓_▓
▓.▓.▓_▓
▓Y▓.▓_▓
▓@▓.▓_▓
▓§▓.▓_▓
▓§▓.▓_▓
▓.▓.▓_▓
▓'▓.▓_▓
▓.▓.▓_▓
▓.▓.▓_▓
▓.▓.▓_▓
▓.▓.▓_▓


You could see a death yak and a catoblepas.

Vanquished Creatures
  A boulder beetle (D)
  2 hydras (D)
  An ugly thing (D)
  2 manticores (D)
  A cyclops (D)
  A black mamba (D)
  2 cane toads (D)
  3 komodo dragons (D)
  A rime drake (D)
  A polar bear (D)
  A blink frog (D)
  A hornet (D)
  4 yaks (D)
  A vampire (D)
  A basilisk (D)
  An acid dragon (D)
  4 water moccasins (D)
  A black bear (D)
  A bullfrog (D)
  2 hounds (D)
  2 orc wizards (D)
  An orc (D)
  An endoplasm (D)
  A hobgoblin (D)
  A jackal (D)
  A bat (D)
  A frilled lizard (D)
40 creatures vanquished.

Notes
Turn   | Place    | Note
-------+----------+-------------------------------------------
     0 | D        | mhtbhm the Spriggan Earth Elementalist began the quest for
                  | the Orb.
     0 | D        | Reached XP level 1. HP: 9/9 MP: 5/5
     6 | D        | Reached skill level 3 in Spellcasting
   245 | D        | Noticed a black bear
   245 | D        | Noticed an orc wizard
   245 | D        | Noticed a hound
   245 | D        | Noticed a hound
   250 | D        | Killed a hound
   251 | D        | Reached skill level 5 in Spellcasting
   251 | D        | Reached XP level 2. HP: 10/13 MP: 1/9
   251 | D        | Reached XP level 3. HP: 13/16 MP: 1/10
   258 | D        | Reached skill level 6 in Spellcasting
   258 | D        | Reached skill level 5 in Earth Magic
   263 | D        | Reached XP level 4. HP: 15/21 MP: 7/13
   591 | D        | Learned a level 2 spell: Passwall
   595 | D        | Learned a level 3 spell: Stone Arrow
   599 | D        | Killed a black bear
   600 | D        | Reached skill level 5 in Dodging
   600 | D        | Reached skill level 8 in Spellcasting
   600 | D        | Reached XP level 5. HP: 24/24 MP: 7/17
   606 | D        | Learned a level 5 spell: Lee's Rapid Deconstruction
   611 | D        | Learned a level 4 spell: Petrify
   621 | D        | Found a snail-covered altar of Cheibriados.
   621 | D        | Found a shadowy altar of Dithmenos.
   621 | D        | Found a white marble altar of Elyvilon.
   621 | D        | Found a blossoming altar of Fedhas.
   621 | D        | Found an opulent altar of Gozag.
   622 | D        | Found a hazy altar of Hepliaklqana.
   623 | D        | Found a viscous altar of Jiyva.
   624 | D        | Found an ancient bone altar of Kikubaaqudgha.
   625 | D        | Found a corrupted altar of Lugonu.
   626 | D        | Found a burning altar of Makhleb.
   627 | D        | Found a sparkling altar of Nemelex Xobeh.
   628 | D        | Found an iron altar of Okawaru.
   629 | D        | Found a stormy altar of Qazlal.
   630 | D        | Found a sacrificial altar of Ru.
   631 | D        | Found a shimmering blue altar of Sif Muna.
   632 | D        | Found a bloodstained altar of Trog.
   633 | D        | Found a hide-covered altar of Uskayaw.
   634 | D        | Found a radiant altar of Vehumet.
   635 | D        | Found an ornate altar of the Wu Jian Council.
   636 | D        | Found a shimmering altar of Xom.
   637 | D        | Found a basalt altar of Yredelemnul.
   638 | D        | Found a glowing silver altar of Zin.
   639 | D        | Found a glowing golden altar of the Shining One.
   642 | D        | Became a worshipper of Vehumet
   674 | D        | Noticed a yak
   674 | D        | Noticed a hornet
   674 | D        | Noticed a komodo dragon
   674 | D        | Noticed a vampire
   674 | D        | Noticed a yak
   905 | D        | Killed a yak
   906 | D        | Reached skill level 10 in Spellcasting
   906 | D        | Reached skill level 1 in Conjurations
   906 | D        | Reached XP level 6. HP: 28/28 MP: 2/20
   909 | D        | Killed a vampire
   910 | D        | Reached skill level 11 in Spellcasting
  1044 | D        | Killed a komodo dragon
  1044 | D        | Reached * piety under Vehumet
  1044 | D        | Offered knowledge of Magic Dart by Vehumet.
  1045 | D        | Reached skill level 13 in Spellcasting
  1045 | D        | Reached skill level 10 in Earth Magic
  1045 | D        | Reached XP level 7. HP: 32/32 MP: 6/24
  1155 | D        | Killed a hornet
  1439 | D        | Killed a yak
  1440 | D        | Reached XP level 8. HP: 37/37 MP: 15/26
  1481 | D        | Reached ** piety under Vehumet
  1641 | D        | Noticed a manticore
  1641 | D        | Noticed a four-headed hydra
  1641 | D        | Noticed a brown ugly thing
  1641 | D        | Noticed a manticore
  1641 | D        | Noticed a cyclops
  1651 | D        | Killed a cyclops
  1651 | D        | Offered knowledge of Static Discharge by Vehumet.
  1651 | D        | Killed a manticore
  1652 | D        | Reached skill level 5 in Stealth
  1652 | D        | Reached skill level 15 in Spellcasting
  2031 | D        | Killed a brown ugly thing
  2032 | D        | Reached XP level 9. HP: 40/40 MP: 9/29
  2197 | D        | Killed a four-headed hydra
  2197 | D        | Offered knowledge of Ignite Poison by Vehumet.
  2198 | D        | Reached skill level 16 in Spellcasting
  2408 | D        | Reached *** piety under Vehumet
  2577 | D        | Killed a manticore
  2577 | D        | Offered knowledge of Mephitic Cloud by Vehumet.
  2578 | D        | Reached skill level 17 in Spellcasting
  2578 | D        | Reached skill level 5 in Transmutations
  2669 | D        | Learned a level 3 spell: Mephitic Cloud
  2792 | D        | Noticed a komodo dragon
  2792 | D        | Noticed a komodo dragon
  2792 | D        | Noticed a rime drake
  2792 | D        | Noticed a cane toad
  2797 | D        | Killed a rime drake
  2805 | D        | Killed a cane toad
  2878 | D        | Killed a komodo dragon
  2878 | D        | Reached **** piety under Vehumet
  2879 | D        | Reached XP level 10. HP: 44/44 MP: 13/32
  3068 | D        | Offered knowledge of Freezing Cloud by Vehumet.
  3069 | D        | Reached skill level 18 in Spellcasting
  3181 | D        | Reached ***** piety under Vehumet
  3330 | D        | Noticed a black mamba
  3330 | D        | Noticed a seven-headed hydra
  3330 | D        | Noticed a cane toad
  3332 | D        | Offered knowledge of Fulminant Prism by Vehumet.
  3334 | D        | Killed a seven-headed hydra
  3335 | D        | Reached skill level 1 in Armour
  3335 | D        | Reached skill level 19 in Spellcasting
  3335 | D        | Reached skill level 15 in Earth Magic
  3336 | D        | Killed a cane toad
  3338 | D        | Noticed a boulder beetle
  3349 | D        | Killed a black mamba
  3876 | D        | Killed a boulder beetle
  3877 | D        | Reached skill level 20 in Spellcasting
  4105 | D        | Noticed a catoblepas
  4105 | D        | Noticed a death yak
  4105 | D        | Noticed a death yak
  4105 | D        | Noticed a catoblepas
  4120 | D        | Slain by a catoblepas

Illustrated notes

Levels and vault maps discovered:
D:        linesprint [early_d, line_temple, items_1, d_10, items_2, lair_1,
          lair_end, items_3, orc_1, orc_end, items_4, d_15, swamp_1, shoals_1,
          snake_1, spider_1, d_20, vaults_1, items_5, swamp_end, shoals_end,
          snake_end, spider_end, vaults_end, d_27, items_6, zot_1, zot_end,
          crypt_end, forest_end, elf_end, slime_end, tomb_end, abyss_end,
          pan_hell_end]

Skill      XL: |  1  2  3  4  5  6  7  8  9 10 |
---------------+-------------------------------+-----
Spellcasting   | 5 6 8 10 13 15 17 20 | 20.1
Earth Magic    | 4 6 7 8 10 11 12 14 15 | 15.8
Dodging        | 3 4 5 |  5.4
Stealth        | 4 5 |  5.6
Conjurations   | 1 2 |  2.2
Transmutations | 2 3 5 |  5.6
Armour         | 1 |  1.5
Fighting       | |  0.6
Air Magic      | |  0.3
Poison Magic   | |  0.3

Action                   |  1- 3 |  4- 6 |  7- 9 | 10-12 || total
-------------------------+-------+-------+-------+-------++-------
 Cast: Sandblast         |    19 |     5 |       |       ||    24
       Stone Arrow       |       |     2 |     4 |     2 ||     8
       Lee's Rapid Decon |       |     9 |    24 |    27 ||    60
       Petrify           |       |       |    10 |     4 ||    14
  Use: Potion            |     2 |       |       |     2 ||     4
Armor: Robe              |     2 |       |       |       ||     2
       Acid dragon scale |       |       |       |     1 ||     1
Dodge: Dodged            |    14 |     5 |     1 |     6 ||    26

Table legend: (Time is in decaauts)
 A = Elapsed time spent in this place.
 B = Non-inter-level travel time spent in this place.
 C = Inter-level travel time spent in this place.
 D = Time resting spent in this place.
 E = Time spent auto-exploring this place.
 F = Levels seen in this place.
 G = Mean time per level.
                   A        B        C        D        E       F      G
               +--------+--------+--------+--------+--------+-----+--------+
         Total |   3885 |   3885 |      0 |   3296 |    141 |   1 | 3885.0 |
       Dungeon |   3885 |   3885 |      0 |   3296 |    141 |   1 | 3885.0 |
               +--------+--------+--------+--------+--------+-----+--------+

Top non-repeatable levels by time:
       D: 3885 daAuts
